 Dungeon Crawl Stone Soup version 0.19.1-1-g22dce08 (webtiles) character file.

540 Alarkh the Chopper (level 7, 36/52 HPs)
             Began as a Demonspawn Monk on Jan 7, 2017.
             Quit the game on level 4 of the Dungeon.
             The game lasted 00:04:38 (4431 turns).

Alarkh the Chopper (Demonspawn Monk)                Turns: 4431, Time: 00:04:39

Health: 36/52      AC:  3    Str: 11    XL:     7   Next: 5%
Magic:  7/7        EV: 13    Int: 20    God:
Gold:   232        SH:  0    Dex: 15    Spells: 0 memorised, 6 levels left

rFire  . . .     SeeInvis .     a - +0 war axe (curse)
rCold  . . .     Gourm    .     b - +0 robe
rNeg   . . .     Faith    +     (no shield)
rPois  .         Spirit   .     (no helmet)
rElec  .         Reflect  .     D - +0 cloak
rCorr  +         Harm     .     (no gloves)
MR     .....                    (no boots)
Stlth  ++........               C - amulet of faith
                                B - +6 ring of intelligence
                                f - ring of resist corrosion

@: no status effects
A: demonic guardian 1, foul stench 1, rot immunity, sturdy frame 2
a: no special abilities


You were on level 4 of the Dungeon.
You were not hungry.

You visited 1 branch of the dungeon, and saw 4 of its levels.

You collected 232 gold pieces.

Inventory:

Hand Weapons
 a - a cursed +0 war axe (weapon)
 g - a +0 hand axe
Armour
 b - a +0 robe (worn)
 D - a +0 cloak (worn)
Jewellery
 f - a ring of resist corrosion (left hand)
 y - an uncursed ring of teleportation
 B - a +6 ring of intelligence (right hand)
 C - an amulet of faith (around neck)
Wands
 t - a wand of acid (5/15)
 w - a wand of acid (7/15)
Scrolls
 d - 2 scrolls of fear {unknown}
 e - a scroll of identify
 h - 2 scrolls of teleportation {unknown}
 l - a scroll of amnesia
 m - a scroll of blinking {unknown}
 n - a scroll of remove curse
 s - a scroll of magic mapping {unknown}
 F - a scroll of recharging {unknown}
 G - 2 scrolls of enchant weapon {unknown}
Potions
 j - a potion of cancellation
 k - 3 potions of curing
 o - 2 potions of flight
 p - 2 potions of haste {unknown}
 u - a potion of brilliance {unknown}
 x - a potion of ambrosia {unknown}
 z - a potion of heal wounds {unknown}
 A - a potion of agility {unknown}
 E - a potion of magic {unknown}
 I - 2 potions of might {unknown}
Books
 r - a book of the Warp

   Spells                             Type                      Level
   a - Gell's Gravitas                Hexes/Translocation          3
   b - Portal Projectile              Translocation                3
   c - Force Lance                    Conjuration/Translocation    4
   d - Dispersal                      Translocation                6
   e - Controlled Blink               Translocation                8
   f - Disjunction                    Translocation                8
Comestibles
 c - 3 bread rations
 i - 11 fruits
 q - a meat ration
 v - a beef jerky
 H - 8 chunks of flesh


   Skills:
 - Level 3.0 Fighting
 + Level 7.4 Axes
 - Level 2.6 Dodging
 - Level 1.7 Stealth


You had 6 spell levels left.
You didn't know any spells.

Dungeon Overview and Level Annotations

Branches:
Dungeon (4/15)
 Temple: D:4-7

Altars:
Ashenzari
Cheibriados
Gozag
Hepliaklqana
Uskayaw
Xom
Yredelemnul


Innate Abilities, Weirdness & Mutations

A weak demonic guardian rushes to your aid.
You may emit foul miasma when damaged in melee.
You are immune to rotting.
Your movements are less encumbered by armour. (ER -4)


Message History

Found a scale mail.
You see here a scale mail.
A jelly comes into view.
A jelly is nearby!
A jelly is nearby!
The jelly quivers.
The jelly misses you.
You slash the jelly!
Your hands burn!
The jelly is severely wounded.
The jelly misses you.
You hit the jelly.
Your hands burn!
The jelly is almost dead.
The jelly barely misses you. The jelly hits you but does no damage.
The jelly looks sick.
You hit the jelly.
You kill the jelly!
You have reached level 7!
Your demonic ancestry asserts itself...
You feel the presence of a demonic guardian.
Are you sure you want to abandon this character and quit the game? (Confirm with "yes".)

#.##........#.)/.#..#.##.#..###.#
#.##.#####..'.._.#..#.##......#.#
#.##.#.....##.)..#..#[........#.#
#....#...#.##....#..########.##.#
#..#####.#########............#.#
...............#.#.........##.#.#
########.#####.#.#.........##.#.#
......##.# #.#.#.........##...#
#####.##.# #.#@#.........##...#
#......#.# #.#.#.........##...#
....#.##.# #.#.#..........#...#
....####.# #.#.#..........#.#.#
....+....#####.#.#..........#.#>#
....#####......#.#..<.......#.###
....# #.'......#.############.##
....# #.#......#.#.............#
....###'#......#[#.####....#####


There were no monsters in sight!

Vanquished Creatures
  2 ogres (D:4)
  A scorpion (D:4)
  A jelly (D:4)
  Ijyb (D:2)
  2 orc wizards (D:4)
  2 iguanas (D:4)
  A hound skeleton (D:4)
  4 adders
  A gnoll (D:4)
  An ooze (D:1)
  2 adder skeletons (D:4)
  2 dart slugs
  2 leopard geckos
  8 orcs
  A ball python (D:2)
  5 bats
  4 giant cockroaches
  6 goblins
  11 hobgoblins
  4 jackals (D:4)
  2 quokkas (D:2)
  7 frilled lizards
  11 kobolds
  A leopard gecko skeleton (D:4)
  6 rats
88 creatures vanquished.

Notes
Turn   | Place    | Note
-------+----------+-------------------------------------------
     0 | D:1      | Alarkh the Demonspawn Monk began the quest for the Orb.
     0 | D:1      | Reached XP level 1. HP: 18/18 MP: 1/1
   179 | D:1      | Reached skill level 3 in Axes
   283 | D:1      | Gained mutation: You are immune to rotting. [demonic ancestry]
   283 | D:1      | Reached XP level 2. HP: 20/24 MP: 2/2
   887 | D:1      | Gained mutation: Your movements are slightly less encumbered by armour. (ER -2) [demonic ancestry]
   887 | D:1      | Reached XP level 3. HP: 27/29 MP: 3/3
  1077 | D:2      | Reached skill level 4 in Axes
  1144 | D:2      | Found a shimmering altar of Xom.
  1146 | D:2      | Found a hazy altar of Hepliaklqana.
  1146 | D:2      | Found a shattered altar of Ashenzari.
  1148 | D:2      | Found a hide-covered altar of Uskayaw.
  1148 | D:2      | Found a basalt altar of Yredelemnul.
  1148 | D:2      | Found a shattered altar of Ashenzari.
  1334 | D:2      | Found an opulent altar of Gozag.
  1405 | D:2      | Found a hide-covered altar of Uskayaw.
  1838 | D:3      | Reached XP level 4. HP: 14/35 MP: 4/4
  2294 | D:3      | Noticed Ijyb
  2336 | D:2      | Killed Ijyb
  2336 | D:2      | Reached skill level 5 in Axes
  2914 | D:4      | Found a snail-covered altar of Cheibriados.
  2924 | D:4      | Gained mutation: You may emit foul miasma when damaged in melee. [demonic ancestry]
  2924 | D:4      | Reached XP level 5. HP: 31/41 MP: 5/5
  3175 | D:4      | Reached skill level 6 in Axes
  3449 | D:4      | Noticed an ogre
  3453 | D:4      | Gained mutation: Your movements are less encumbered by armour. (ER -4) [demonic ancestry]
  3453 | D:4      | Reached XP level 6. HP: 33/47 MP: 6/6
  4359 | D:4      | Reached skill level 7 in Axes
  4430 | D:4      | Gained mutation: A weak demonic guardian rushes to your aid. [demonic ancestry]
  4430 | D:4      | Reached XP level 7. HP: 36/52 MP: 7/7
  4431 | D:4      | Quit the game

Skill      XL: |  1  2  3  4  5  6 |
---------------+-------------------+-----
Axes           | 3 4 5 6 7 |  7.4
Fighting       | |  3.0
Dodging        | |  2.6
Stealth        | |  1.7

Action                   |  1- 3 |  4- 6 |  7- 9 || total
-------------------------+-------+-------+-------++-------
Melee: Hand axe          |   134 |       |       ||   134
       War axe           |       |   121 |       ||   121
Evoke: Wand              |       |     3 |       ||     3
  Use: Scroll            |     4 |     1 |       ||     5
       Potion            |       |     3 |       ||     3
 Stab: Sleeping          |     5 |       |       ||     5
  Eat: Chunk             |     3 |     8 |       ||    11
Armor: Robe              |    19 |    29 |       ||    48
Dodge: Dodged            |   106 |   104 |       ||   210
